 Dungeon Crawl Stone Soup version 0.20.0-15-g7f486f2 (webtiles) character file.

203 Gargoyl the Skirmisher (level 5, -5/46 HPs)
             Began as a Draconian Abyssal Knight on June 15, 2017.
             Was a Believer of Lugonu.
             Slain by an orc priest
             ... wielding a +0 flail
              (6 damage)
             ... on level 3 of the Dungeon.
             The game lasted 00:05:20 (2844 turns).

Gargoyl the Skirmisher (Draconian Abyssal Knight)   Turns: 2844, Time: 00:05:21

Health: -5/46      AC:  8    Str: 15    XL:     5   Next: 51%
Magic:  0/7        EV: 13    Int: 12    God:    Lugonu [**....]
Gold:   154        SH:  0    Dex: 11    Spells: 4/4 levels left

rFire    . . .     SeeInvis .   a - +2 hand axe
rCold    . . .     Gourm    .   (no shield)
rNeg     . . .     Faith    .   (armour unavailable)
rPois    .         Spirit   +   (helmet restricted)
rElec    .         Reflect  .   (no cloak)
rCorr    .         Harm     .   i - +1 pair of gloves
MR       .....                  k - +0 pair of boots
Stlth    ++........             d - amulet of guardian spirit
Regen    0.2/turn               (no ring)
MPRegen  0.1/turn               (no ring)

@: hasted, very quick
A: unfitting armour, cold-blooded, AC +5
a: Depart the Abyss, Bend Space, Renounce Religion


You were on level 3 of the Dungeon.
You worshipped Lugonu.
Lugonu was pleased with you.
You were not hungry.

You visited 1 branch of the dungeon, and saw 3 of its levels.
You visited the Abyss 1 time.

You collected 154 gold pieces.

Inventory:

Hand Weapons
 a - a +2 hand axe (weapon)
Armour
 i - a +1 pair of gloves (worn)
 k - a +0 pair of boots (worn)
Jewellery
 d - an amulet of guardian spirit (around neck)
 s - a +2 ring of strength {unknown}
Wands
 r - a wand of flame (34/48)
Scrolls
 j - 3 scrolls of teleportation
 m - a scroll of amnesia
 n - a scroll of identify
 o - a scroll of remove curse
 q - a scroll of fog
Comestibles
 b - a bread ration
 c - 3 meat rations


   Skills:
 + Level 3.9 Fighting
 + Level 2.8 Axes
 * Level 3.6 Dodging
 * Level 2.3 Stealth
 * Level 2.9 Invocations


You had 4 spell levels left.
You didn't know any spells.

Dungeon Overview and Level Annotations

Branches:
Dungeon (3/15)

Altars:


Innate Abilities, Weirdness & Mutations

Your plain brown scales are hard. (AC +5)
You cannot fit into any form of body armour.
You are cold-blooded and may be slowed by cold attacks.


Message History

* * * LOW HITPOINT WARNING * * *
Okay, then.
You feel yourself speed up.
The orc priest looks braver for a moment.
You hit the orc priest.
The orc priest is heavily wounded.
The orc priest hits you with a flail.
* * * LOW HITPOINT WARNING * * *
You hit the orc priest but do no damage.
The orc priest is heavily wounded.
The orc priest hits you with a flail.
You hit the orc priest.
The orc priest is severely wounded.
The orc wizard gestures at you while chanting.
The puff of flame hits you!
* * * LOW HITPOINT WARNING * * *
You hit the orc priest but do no damage.
The orc priest is severely wounded.
The orc priest hits you with a flail.
You die...

... #..>.##.# #
#..###.#.....# . #
#..#..#.....# ..#+## #
####....#.(#...####....###
.................#.......
#.[............(#...#...
..........#.###.#####...
#..#....o....##........#
#. #.<.@..o#............
#.......#..##########
..........###.#
....#........#.#
.?#.##........#.# .#..
#........... #..
#........... #.
##.....#####


You could see an orc priest and an orc wizard.

Vanquished Creatures
  An ice beast (D:2)
  4 adders
  3 dart slugs (D:1)
  2 leopard geckos
  2 orcs (D:3)
  3 giant cockroaches
  12 goblins
  8 hobgoblins
  6 kobolds
  2 quokkas
  A ball python (D:3)
  12 bats
  4 frilled lizards
  7 rats
67 creatures vanquished.

Notes
Turn   | Place    | Note
-------+----------+-------------------------------------------
     0 | Abyss:1  | Gargoyl the Draconian Abyssal Knight began the quest for the Orb.
     0 | Abyss:1  | Reached XP level 1. HP: 19/19 MP: 2/2
    80 | Abyss:1  | Found a shimmering altar of Xom.
   148 | Abyss:1  | Noticed a sun demon
   149 | D:1      | Escaped the Abyss
   626 | D:1      | Reached XP level 2. HP: 25/26 MP: 3/3
   837 | D:1      | Reached * piety under Lugonu
  1172 | D:1      | Reached XP level 3. HP: 23/33 MP: 2/4
  1509 | D:2      | Reached skill level 1 in Stealth
  2040 | D:2      | Reached XP level 4. HP: 38/40 MP: 5/5
  2041 | D:2      | Reached ** piety under Lugonu
  2155 | D:3      | Noticed an ice beast
  2170 | D:2      | Killed an ice beast
  2170 | D:2      | Reached XP level 5. HP: 22/46 MP: 3/7
  2843 | D:3      | HP: 1/46 [orc wizard/puff of flame (6)]
  2844 | D:3      | Slain by an orc priest

Skill      XL: |  1  2  3  4 |
---------------+-------------+-----
Stealth        | 1 2 |  2.3
Dodging        | 3 |  3.6
Fighting       | |  3.9
Axes           | |  2.8
Invocations    | |  2.9

Action                   |  1- 3 |  4- 6 || total
-------------------------+-------+-------++-------
Melee: Hand axe          |   142 |    56 ||   198
       Tailslap          |     8 |     9 ||    17
Invok: Depart the Abyss  |     1 |       ||     1
  Use: Scroll            |     6 |     2 ||     8
       Potion            |       |     5 ||     5
 Stab: Sleeping          |     2 |     1 ||     3
  Eat: Chunk             |     4 |     1 ||     5
       Fruit             |       |     2 ||     2
Armor: Skin              |    79 |    17 ||    96
Dodge: Dodged            |   157 |    52 ||   209
